 Dungeon Crawl Stone Soup version 0.30-b1-2-g02819fbbbe (webtiles) character file.

Game seed: 7280875882448577925

2 MajorAdolf the Sneak (level 1, -1/18 HPs)
             Began as a Naga Wanderer on Aug 30, 2023.
             Slain by a kobold
             ... wielding a +0 whip
              (6 damage)
             ... on level 1 of the Dungeon.
             The game lasted 00:00:34 (97 turns).

MajorAdolf the Sneak (Naga Wanderer)                  Turns: 97, Time: 00:00:35

Health: -1/18      AC:  1    Str: 12    XL:     1   Next: 30%
Magic:  3/3        EV:  9    Int: 13    God:
Gold:   10         SH:  0    Dex: 11    Spells: 3/4 levels left

rFire   . . .        (no weapon)
rCold   . . .        (no shield)
rNeg    . . .        f - +0 robe
rPois   +            (no helmet)
rElec   .            (no cloak)
rCorr   .            (no gloves)
SInv    +            (no barding)
Will    .....        (no amulet)
Stlth   +++          (no ring)
HPRegen 0.23/turn    (no ring)
MPRegen 0.08/turn

%: no passive effects
@: very slow
A: AC +0, large, see invisible, deformed body, poison resistance, slowness 2,
spit poison 1, naga tail 1
a: Spit Poison


You were on level 1 of the Dungeon.
You visited 1 branch of the dungeon, and saw 1 of its levels.

You collected 10 gold pieces.

Inventory:

Armour
 f - a +0 robe (worn)
Jewellery
 a - a ring of protection from fire
 i - a ring of magical power
Wands
 d - a wand of polymorph (5)
Scrolls
 h - a scroll of acquirement {unknown}
Potions
 g - a potion of flight {unknown}


   Skills:
 - Level 1.0 Fighting
 - Level 7.2 Stealth
 + Level 0.6 Unarmed Combat
 - Level 2.0 Spellcasting
 - Level 1.3 Poison Magic
 - Level 1.0 Evocations


You had 3 spell levels left.
You knew the following spells:

 Your Spells              Type           Power      Damage    Failure   Level
a - Sting                 Tmut/Pois      12%        1d3       19%         1

Your spell library contained the following spells:

 Spells                   Type           Power      Damage    Failure   Level
 Spider Form              Tmut/Pois      3%         N/A       50%         3


Dungeon Overview and Level Annotations

Branches:
Dungeon (1/15)

Altars:


Innate Abilities, Weirdness & Mutations

Your serpentine skin is tough. (AC +0)
You have supernaturally acute eyesight. (SInv)
Armour fits poorly on your strangely shaped body.
Your system is resistant to poisons. (rPois)
You cover ground very slowly.
You can spit poison.
You have a snake-like lower body.


Message History

A ball python is nearby!
The helpless ball python fails to defend itself.
You hit the ball python.
You kill the ball python!
No target in view!
A kobold comes into view. It is wielding a +0 whip.
A kobold is nearby!
A kobold is nearby!
You throw an atropa-tipped dart. The atropa-tipped dart hits the kobold.
The kobold appears confused.
The kobold shouts!
The kobold seems less confused.
You throw a datura-tipped dart. The datura-tipped dart hits the kobold.
The kobold flies into a frenzy!
The kobold is no longer blind.
You barely miss the kobold. The kobold hits you with a +0 whip!
The kobold hits you but does no damage.
You barely miss the kobold. The kobold completely misses you.
You miss the kobold. The kobold barely misses you.
You barely miss the kobold. The kobold hits you with a +0 whip. x2
* * * LOW HITPOINT WARNING * * *
Unknown command.
Aiming: Spit Poison (3% risk of failure)
Press: ? - help, Shift-Dir - straight line, f/p - kobold
Aim: a kobold, wielding a +0 whip (fast, strong, frenzied and insane, 43% to hit)
The splash of poison misses the kobold.
The kobold barely misses you.
Unknown command.
The kobold barely misses you. The kobold closely misses you.
The kobold closely misses you.
You feel much better. The kobold closely misses you.
Unknown command.
The kobold attacks as you move away! The kobold closely misses you.
The kobold hits you with a +0 whip. The kobold attacks as you move away!
The kobold hits you with a +0 whip.
You have got your breath back.
The kobold hits you with a +0 whip.
* * * LOW HITPOINT WARNING * * *
The kobold shouts!
The kobold hits you with a +0 whip.
You die...

.........#############
.......(.............
##.......##########)#
# ##...###.## #.#
#.##.....##.# #####.#
#.#...(...#.# ##.#.#.#
#...........# #.#.#.#.
.## #.......###
###.#.#.#
.....###...K@##
#..#.#.#. #..(......##
#.#.#<#.# ##(########
#..#.#.#. #.#.#.#.#
#..#.#.#. #........
#.######. ... #. ####
#.


You could see a neutral kobold (fast, strong, insane).

Vanquished Creatures
  A kobold (D:1)
  A ball python (D:1)
2 creatures vanquished.

Notes
Turn   | Place    | Note
-------+----------+-------------------------------------------
     0 | D:1      | MajorAdolf the Naga Wanderer began the quest for the Orb.
     0 | D:1      | MajorAdolf set off with the following items: a +0 dagger,
                  | an atropa-tipped dart, a datura-tipped dart, a wand of
                  | polymorph (5), a potion of heal wounds, a +0 robe; and the
                  | following spell memorised: Sting; and the following spells
                  | available to memorise: Spider Form.
     0 | D:1      | Reached XP level 1. HP: 18/18 MP: 3/3
    97 | D:1      | Slain by a kobold

Illustrated notes

Levels and vault maps discovered:
D:1:      lightli_arrival_chessboard, layout_loops_ring

Action                     || total
---------------------------++-------
  Melee: Unarmed           ||     5
  Throw: Dart              ||     2
Ability: Spit Poison       ||     2
    Use: Potion            ||     1
   Stab: Sleeping          ||     1
 Armour: Robe              ||     1
  Dodge: Dodged            ||     8
